 Dungeon Crawl Stone Soup version 0.20.1-1-g8b1a95d (webtiles) character file.

145 equalderp2856 the Shield-Bearer (level 5, -3/46 HPs)
             Began as a Minotaur Fighter on Aug 22, 2017.
             Slain by an orc warrior
             ... wielding a +0 short sword
              (8 damage)
             ... on level 3 of the Dungeon.
             The game lasted 00:04:58 (1873 turns).

equalderp2856 the Shield-Bearer (Minotaur Fighter)  Turns: 1873, Time: 00:04:59

Health: -3/46      AC:  7    Str: 21    XL:     5   Next: 6%
Magic:  4/4        EV:  8    Int:  5    God:
Gold:   119        SH:  9    Dex: 10    Spells: 4/4 levels left

rFire    . . .     SeeInvis .   a - +0 war axe
rCold    . . .     Gourm    .   c - +0 shield
rNeg     . . .     Faith    .   b - +0 scale mail
rPois    .         Spirit   .   (helmet restricted)
rElec    .         Reflect  .   (no cloak)
rCorr    .         Harm     .   (no gloves)
MR       .....                  (no boots)
Stlth    ..........             (no amulet)
Regen    0.2/turn               (no ring)
MPRegen  0.1/turn               (no ring)

@: no status effects
A: retaliatory headbutt, horns 2
a: no special abilities


You were on level 3 of the Dungeon.
You were hungry.

You visited 1 branch of the dungeon, and saw 3 of its levels.
You also visited: Sewer.

You collected 119 gold pieces.

Inventory:

Hand Weapons
 a - a +0 war axe (weapon)
Missiles
 q - 40 poisoned needles
 r - 25 bolts
Armour
 b - a +0 scale mail (worn)
 c - a +0 shield (worn)
Jewellery
 m - a +4 ring of dexterity {unknown}
 y - a cursed ring of loudness {unknown}
Wands
 B - a wand of confusion (15/48)
Scrolls
 g - a scroll of noise {unknown}
 h - 5 scrolls of identify {unknown}
 i - a scroll of remove curse {unknown}
 k - 2 scrolls of immolation {unknown}
 l - a scroll of fog {unknown}
 n - a scroll of enchant weapon {unknown}
 s - a scroll of recharging {unknown}
 u - a scroll of amnesia {unknown}
 v - 2 scrolls of magic mapping {unknown}
 w - 4 scrolls of teleportation {unknown}
 x - a scroll of fear {unknown}
 A - 2 scrolls of enchant armour {unknown}
Potions
 d - 2 potions of might
 e - 3 potions of heal wounds {unknown}
 j - a potion of curing {unknown}
 o - a potion of cancellation {unknown}
 p - 2 potions of brilliance {unknown}
 t - a potion of mutation {unknown}
Comestibles
 f - 3 bread rations
 z - a meat ration


   Skills:
 + Level 4.3 Fighting
 + Level 4.2 Axes
 + Level 4.4 Armour
 + Level 1.2 Dodging
 + Level 4.6 Shields


You had 4 spell levels left.
You didn't know any spells.

Dungeon Overview and Level Annotations

Branches:
Dungeon (3/15)

Altars:
Dithmenos
Nemelex Xobeh


Innate Abilities, Weirdness & Mutations

You reflexively headbutt those who attack you in melee.
You have a pair of horns on your head.


Message History

The orc warrior is lightly wounded.
The orc warrior barely misses you.
You hit the orc warrior but do no damage.
You headbutt the orc warrior.
The orc warrior is moderately wounded.
The orc warrior hits you with a short sword.
You closely miss the orc warrior.
The orc warrior is moderately wounded.
The orc warrior hits you with a short sword.
The orc warrior closely misses you.
You barely miss the orc warrior.
You headbutt the orc warrior, but do no damage.
The orc warrior is moderately wounded.
You block the orc warrior's attack.
You closely miss the orc warrior. You headbutt the orc warrior.
The orc warrior is moderately wounded.
The orc warrior hits you with a short sword!
* * * LOW HITPOINT WARNING * * *
The orc warrior hits you with a short sword!
You die...

#......# #...# .......
#......# ###...#
.......###......###......
.......+.................
.......###....#####......
#..... #....# #......
#..... #....# #......
#....o###....# #......
#....o@((...# #......
#.########### #..<...
#...... #...... ##......
........ ........
........ #........


You could see an orc warrior and an orc.

Vanquished Creatures
  A jelly (D:3)
  2 adders
  2 river rats (Sewer)
  4 worms
  3 dart slugs
  A leopard gecko (D:3)
  5 orcs (D:3)
  A ball python (Sewer)
  2 giant cockroaches
  4 goblins (D:2)
  6 hobgoblins
  12 kobolds
  6 bats
  12 frilled lizards
  3 rats
64 creatures vanquished.

Notes
Turn   | Place    | Note
-------+----------+-------------------------------------------
     0 | D:1      | equalderp2856 the Minotaur Fighter began the quest for the Orb.
     0 | D:1      | Reached XP level 1. HP: 19/19 MP: 0/0
    45 | D:1      | Reached XP level 2. HP: 18/27 MP: 1/1
   563 | D:2      | Reached XP level 3. HP: 31/33 MP: 2/2
  1026 | D:3      | Found a shadowy altar of Dithmenos.
  1040 | D:3      | Reached XP level 4. HP: 37/40 MP: 3/3
  1066 | D:3      | Found a glowing drain.
  1092 | Sewer    | Entered a sewer
  1282 | Sewer    | Reached skill level 1 in Dodging
  1710 | D:3      | Reached XP level 5. HP: 41/46 MP: 4/4
  1726 | D:3      | Found a sparkling altar of Nemelex Xobeh.
  1861 | D:3      | Noticed an orc warrior
  1873 | D:3      | Slain by an orc warrior

Skill      XL: |  1  2  3  4 |
---------------+-------------+-----
Fighting       | 4 |  4.3
Armour         | 4 |  4.4
Shields        | 4 |  4.6
Axes           | 3 4 |  4.2
Dodging        | 1 |  1.2

Action                   |  1- 3 |  4- 6 || total
-------------------------+-------+-------++-------
Melee: War axe           |    93 |    86 ||   179
       Headbutt          |     9 |    11 ||    20
  Eat: Chunk             |       |     3 ||     3
Armor: Scale mail        |    51 |    29 ||    80
Dodge: Dodged            |    28 |    43 ||    71
Block: Shield            |    51 |    40 ||    91
